 Dungeon Crawl Stone Soup version 0.31.0-11-ge490571c62 (webtiles) character file.

Game seed: 4962729183830044172

62917 PriceMaster the Protected (level 14, -3/126 HPs)
             Began as a Minotaur Fighter on Feb 6, 2024.
             Was a High Priest of Okawaru.
             Killed by an exploding sun moth (9 damage)
             ... ignited by their inner flame
             ... on level 2 of the Spider Nest on Feb 7, 2024.
             The game lasted 00:47:55 (17931 turns).

PriceMaster the Protected (Minotaur Fighter)       Turns: 17931, Time: 00:47:57

Health: -3/126     AC: 15    Str: 23    XL:     14   Next: 66%
Magic:  34/37      EV: 18    Int: 16    God:    Okawaru [*****.]
Gold:   968        SH:  7    Dex: 20    Spells: 18/22 levels left

rFire   + . .        x - +8 dagger of Hepliaklqana {drain, rPois MP+9 Int+6}
rCold   . . .        c - +0 buckler
rNeg    + . .        W - +1 acid dragon scales
rPois   +            (helmet restricted)
rElec   +            o - scarf {harm}
rCorr   +            Q - +2 pair of gloves
SInv    .            h - +0 pair of boots
Will    +....        t - amulet of regeneration
Stlth   +++          X - ring "Vymmuuso" {+Blink rN+ Int+6 Dex+4}
HPRegen 1.21/turn    i - ring "Qatyij" {rElec rF+ MP+9}
MPRegen 0.25/turn

%: harm (+30% outgoing, +20% incoming)
@: about to teleport, studying Translocations
A: horns 2, retaliatory headbutt, claws 1, agile 1, mutation resistance 1,
passive freeze
a: Renounce Religion, Evoke Blink, Heroism, Finesse, Duel


You were on level 2 of the Spider Nest.
You worshipped Okawaru.
Okawaru was extremely pleased with you.
You visited 4 branches of the dungeon, and saw 19 of its levels.
You also visited: Bailey.

You collected 968 gold pieces.

Inventory:

Hand Weapons
 x - the +8 dagger of Hepliaklqana (weapon) {drain, rPois MP+9 Int+6}
   (You found it on level 3 of the Dungeon)

   Int+6:     It affects your intelligence (+6).
   rPois:     It protects you from poison MP+9: It affects your magic capacity
   (+9).
Missiles
 j - 6 boomerangs
 C - 2 atropa-tipped darts (quivered)
Armour
 b - +0 swamp dragon scales
 c - a +0 buckler (worn)
 e - a +1 cloak of poison resistance
 h - a +0 pair of boots (worn)
 k - an orb of light
 o - a scarf of harm (worn)
 Q - a +2 pair of gloves (worn)
 W - +1 acid dragon scales (worn)
Jewellery
 a - a +6 ring of dexterity
 f - the ring "Sahano" {rF+ rC+}
   (You took it off a centaur on level 7 of the Dungeon)

   [ring of protection from cold]

   rF+:       It protects you from fire.
   rC+:       It protects you from cold.
 i - the ring "Qatyij" (right hand) {rElec rF+ MP+9}
   (You acquired it on level 5 of the Dungeon)

   [ring of magical power]

   rF+:       It protects you from fire.
   rElec:     It insulates you from electricity.
   MP+9:      It affects your magic capacity (+9).
 l - a ring of protection from cold
 m - a ring of willpower
 n - a ring of fire
 t - an amulet of regeneration (around neck)
 w - an amulet of reflection
 y - an amulet of the acrobat
 D - a ring of protection from fire
 J - a +4 ring of slaying
 X - the ring "Vymmuuso" (left hand) {+Blink rN+ Int+6 Dex+4}
   (You took it off a centaur on level 12 of the Dungeon)

   [ring of intelligence]

   Int+6:     It affects your intelligence (+6).
   Dex+4:     It affects your dexterity (+4).
   rN+:       It protects you from negative energy.
   +Blink:    It lets you blink.
Talismans
 p - a serpent talisman
Wands
 d - a wand of flame (26)
 r - a wand of mindburst (22)
 F - a wand of roots (31)
 G - a wand of paralysis (3)
 Y - a wand of quicksilver (8)
Scrolls
 g - 3 scrolls of fog
 q - 4 scrolls of enchant weapon
 u - 5 scrolls of teleportation
 v - 5 scrolls of amnesia
 H - 2 scrolls of butterflies
 I - a scroll of immolation
 O - 2 scrolls of revelation
 Z - 3 scrolls of identify
Potions
 s - 4 potions of ambrosia
 z - a potion of attraction
 E - 7 potions of curing
 L - 3 potions of magic
 N - 2 potions of cancellation
 U - 2 potions of heal wounds
Miscellaneous
 A - a box of beasts
 B - a condenser vane (inert)


   Skills:
 + Level 12.0 Fighting
 + Level 11.5 Short Blades
 - Level 2.1 Maces & Flails
 - Level 4.2 Polearms
 + Level 1.7 Throwing
 + Level 13.0 Armour
 + Level 9.3 Dodging
 + Level 6.5 Stealth
 + Level 10.9 Shields
 * Level 4.5 Spellcasting
 * Level 7.0 Translocations
 * Level 6.3 Invocations
 + Level 4.7 Evocations


You had 18 spell levels left.
You knew the following spells:

 Your Spells              Type           Power      Damage    Failure   Level
a - Passage of Golubria   Tloc           26%        N/A       12%         4

Your spell library contained the following spells:

 Spells                   Type           Power      Damage    Failure   Level
 Foxfire                  Conj/Fire      12%        2x1d4     22%         1
 Necrotise                Necr           12%        1d4       22%         1
 Static Discharge         Conj/Air       6%         3-4/arc   32%         2
 Dimensional Bullseye     Hex/Tloc       7%         N/A       45%         4
 Iskenderun's Mystic Bla  Conj/Tloc      14%        2d5       45%         4
 Dazzling Flash           Conj/Hex       6%         N/A       54%         3
 Inner Flame              Hex/Fire       3%         N/A       54%         3
 Mephitic Cloud           Conj/Alch/Air  3%         N/A       54%         3
 Vampiric Draining        Necr           3%         2d6       54%         3
 Airstrike                Air            1%         2d(1-17)  91%         4
 Cause Fear               Hex            1%         N/A       91%         4
 Curse of Agony           Necr           3%         N/A       99%         5
 Fireball                 Conj/Fire      1%         3d3       99%         5
 Irradiate                Conj/Alch      1%         3d12      99%         5
 Silence                  Hex/Air        1%         N/A       99%         5
 Yara's Violent Unravell  Hex/Alch       1%         3d3       99%         5
 Plasma Beam              Fire/Air       1%         2x1d11    100%        6
 Starburst                Conj/Fire      1%         6d3       100%        6
 Ignition                 Fire           1%         3d3       100%        8
 Tukima's Dance           Hex            Unusable   N/A       N/A         3
 Martyr's Knell           Necr/Summ      Unusable   N/A       N/A         4
 Summon Lightning Spire   Summ/Air       Unusable   N/A       N/A         4
 Dragon's Call            Summ           Unusable   N/A       N/A         9

Dungeon Overview and Level Annotations

Branches:
Dungeon (14/15)            Temple (1/1) D:7            Lair (2/5) D:8
 Spider (2/4) Lair:2          Orc (0/2) D:9          Vaults (0/5) D:14
 Bailey (visited)
  Swamp: Lair:2-3    Shoals: Lair:2-3

Altars:
Ashenzari
Cheibriados
Dithmenos
Elyvilon
Fedhas
Gozag
Hepliaklqana
Kikubaaqudgha
Makhleb
Nemelex Xobeh
Okawaru
Qazlal
Ru
Sif Muna
Trog
Uskayaw
Vehumet
Wu Jian
Xom
Yredelemnul
Zin
The Shining One

Shops:
D:11 :

Annotations:
D:11 exclusion: 2 ice statues
D:14 Lodul, Urug
Spider:2 Mlioglotl


Innate Abilities, Weirdness & Mutations

You have a pair of horns on your head.
You reflexively headbutt those who attack you in melee.
You have sharp fingernails.
You are agile. (Dex +4, Str/Int -1)
You are somewhat resistant to further mutation.
A frigid envelope surrounds you and freezes all who hurt you.


Message History

You hit the sun moth.
Flame seeps out of the sun moth.
You headbutt the sun moth, but do no damage.
The sun moth is heavily wounded.
You are engulfed in blazing flames.
You resist.
* * * LOW HITPOINT WARNING * * *
The jumping spider leaps!
The sun moth is engulfed in blazing flames.
Flame seeps out of the sun moth.
The sun moth misses you. You furiously retaliate!
You headbutt the sun moth!
Flame seeps out of the sun moth.
The jumping spider leaps!
The jumping spider is engulfed in blazing flames.
Flame seeps out of the jumping spider.
You block the jumping spider's attack. The jumping spider barely misses you.
The redback is engulfed in blazing flames.
Flame seeps out of the redback.
The culicivora is engulfed in blazing flames.
Flame seeps out of the culicivora.
The culicivora enters the passage of Golubria.
The jumping spider leaps!
The sun moth bites you!
* * * LOW HITPOINT WARNING * * *
The sun moth is very cold.
Flame seeps out of the sun moth.
The sun moth is almost dead.
The jumping spider is engulfed in blazing flames.
Okawaru accepts your kill.
The jumping spider explodes!
The fiery explosion engulfs the culicivora!!
Okawaru accepts your kill.
The fiery explosion engulfs the redback!!!
Okawaru accepts your kill.
You can now enter into single combat with a foe.
Okawaru will now gift you throwing weapons as you gain piety.
The fiery explosion engulfs the sun moth!
The sun moth resists.
Okawaru accepts your kill.
The fiery explosion engulfs the demonic crawler!
Flame seeps out of the demonic crawler.
The demonic crawler is severely wounded.
The sun moth explodes!
The fiery explosion engulfs you! You resist.
You die...

............................#....
..<.......................†††....
......#^.........................
##...###########..............###
##..# .........................
#..# ...○.....................
#### ............#............
###.°.§§§...#............
..s..§§○@...#............
...s.§○§s§..# .. ^.s..§○ss...#
......s.s...# .....^.X....#
...^#..ss...# ##..#...°....# ...
#.°..##^## .. #.?^.. ##


You could see Mlioglotl (strong), 2 demonic crawlers, a culicivora, 3 jumping
spiders, a tarantella (inner flame) and 3 redbacks.

Vanquished Creatures
  Jorgrun (D:12)
  An emperor scorpion (Spider:2)
  2 broodmothers (Spider:1)
  3 hydras (D:13)
  Erolcha (D:13)
  A radroach (Spider:2)
  A centaur warrior (D:12)
  A tengu warrior (D:13)
  5 two-headed ogres
  A boulder beetle (D:11)
  A death scarab (Spider:2)
  5 demonic crawlers
  2 pharaoh ants
  A swamp dragon (D:13)
  2 sun moths (Spider:2)
  Pikel (D:7)
  A steelbarb worm (Spider:2)
  A deep elf pyromancer (D:9)
  Maurice (D:7)
  8 wolf spiders
  2 ugly things (D:12)
  4 manticores
  3 cyclopes
  3 meliai (D:12)
  A will-o-the-wisp (D:13)
  A moth of wrath (Spider:1)
  Joseph (D:10)
  A gargoyle (D:13)
  A cane toad (Lair:1)
  4 kobold demonologists
  A rime drake (D:8)
  2 komodo dragons
  A yaktaur (D:12)
  Jeremiah (D:7)
  A tengu conjurer (D:13)
  A queen bee (D:12)
  2 trolls (D:9)
  3 polar bears (D:8)
  Grinder (D:6)
  A hornet (D:8)
  13 tarantellas
  The ghost of Nehushtan the Conjurer, an amateur GnCj of Fedhas (D:4)
  5 culicivoras
  7 jumping spiders
  3 shadows
  19 slime creatures
  Sigmund (D:5)
  A jumping spider (shapeshifter) (D:13)
  A vampire (D:12)
  10 yaks
  2 wyverns
  A human (D:13)
  4 basilisks
  A steam dragon (D:8)
  A wraith (D:12)
  7 redbacks
  Menkaure (D:4)
  Edmund (D:6)
  8 vampire mosquitoes
  An acid dragon (D:10)
  3 water moccasins
  13 ice beasts
  A black bear (Lair:1)
  4 orc warriors
  2 sky beasts
  A swamp drake (D:13)
  4 ogres
  4 centaurs
  A lemure (D:7)
  3 phantoms
  2 kobold brigands (D:10)
  4 gnoll sergeants
  8 bullfrogs
  5 scorpions
  27 killer bees
  2 howler monkeys (D:10)
  An electric eel (Spider:1)
  4 hounds
  6 orc priests
  A bombardier beetle (D:5)
  2 jellies
  Crazy Yiuf (D:2)
  A gnoll bouda (D:8)
  An iguana (D:7)
  4 sleepcaps
  5 orc wizards
  Robin (D:2)
  24 gnolls
  12 adders
  2 shadow imps (D:5)
  A white imp (D:5)
  2 ufetubi (D:7)
  7 dart slugs
  2 ribbon worms (D:2)
  46 orcs
  2 bats (D:1)
  5 endoplasms
  A giant cockroach (D:1)
  12 goblins
  9 hobgoblins
  14 kobolds
  3 quokkas
  9 ball pythons
  2 frilled lizards (D:1)
  4 rats
431 creatures vanquished.

Vanquished Creatures (others)
  6 foxfires (D:13)
6 creatures vanquished.

Grand Total: 437 creatures vanquished

Notes
Turn   | Place    | Note
-------+----------+-------------------------------------------
     0 | D:1      | PriceMaster the Minotaur Fighter began the quest for the
                  | Orb.
     0 | D:1      | Reached XP level 1. HP: 19/19 MP: 0/0
   100 | D:1      | Found a faded altar of an unknown god.
   224 | D:1      | Reached XP level 2. HP: 27/27 MP: 1/1
   310 | D:1      | Reached skill level 4 in Armour
   906 | D:2      | Reached XP level 3. HP: 25/33 MP: 2/2
  1065 | D:2      | Noticed Robin
  1068 | D:2      | Reached XP level 4. HP: 40/40 MP: 3/3
  1074 | D:2      | Killed Robin
  1385 | D:2      | Found a runed translucent door.
  1386 | D:2      | Noticed Crazy Yiuf
  1490 | D:2      | Killed Crazy Yiuf
  1494 | D:2      | Identified the +0 hammer of Dixel {freeze, Str+2}
  1797 | D:3      | Reached XP level 5. HP: 34/47 MP: 4/4
  1800 | D:3      | Reached skill level 5 in Armour
  2091 | D:3      | Identified the +8 dagger of Hepliaklqana {drain, rPois MP+9
                  | Int+6}
  2196 | D:3      | Reached skill level 1 in Dodging
  2288 | D:3      | Found an ancient bone altar of Kikubaaqudgha.
  2706 | D:3      | Reached skill level 1 in Maces & Flails
  2849 | D:4      | Reached XP level 6. HP: 53/53 MP: 5/5
  2884 | D:4      | Found a runed translucent door.
  2885 | D:4      | Noticed Nehushtan's ghost (amateur GnCj)
  2920 | D:4      | Reached skill level 1 in Short Blades
  3061 | D:4      | Noticed a sky beast
  3074 | D:4      | Killed a sky beast
  3142 | D:4      | Reached XP level 7. HP: 29/60 MP: 6/6
  3307 | D:4      | Reached skill level 5 in Shields
  3312 | D:4      | Found a white marble altar of Elyvilon.
  3312 | D:4      | Found a hazy altar of Hepliaklqana.
  3441 | D:4      | Reached skill level 1 in Stealth
  3509 | D:4      | Reached skill level 5 in Fighting
  3588 | D:4      | Noticed Menkaure
  3591 | D:4      | Killed Menkaure
  3669 | D:4      | Gained mutation: You occasionally lose the ability to read
                  | scrolls when taking damage. [potion of mutation]
  3669 | D:4      | Gained mutation: You occasionally shout uncontrollably at
                  | your foes. [potion of mutation]
  3679 | D:4      | Killed Nehushtan's ghost
  3680 | D:4      | Reached skill level 6 in Armour
  3746 | D:5      | Entered Level 5 of the Dungeon
  3791 | D:5      | Identified a scroll of acquirement
  3791 | D:5      | Acquired the ring "Qatyij" {rElec rF+ MP+9}
  3798 | D:5      | Reached XP level 8. HP: 68/68 MP: 7/7
  3801 | D:5      | Reached skill level 5 in Short Blades
  4030 | D:5      | Noticed Sigmund
  4034 | D:5      | Killed Sigmund
  4035 | D:5      | Reached skill level 1 in Evocations
  4074 | D:5      | Found a sparkling altar of Nemelex Xobeh.
  4074 | D:5      | Found an opulent altar of Gozag.
  4636 | D:6      | Reached skill level 7 in Armour
  4928 | D:6      | Noticed Edmund
  4938 | D:6      | Killed Edmund
  4939 | D:6      | Reached XP level 9. HP: 53/75 MP: 8/8
  4990 | D:6      | Noticed Grinder
  5003 | D:6      | Killed Grinder
  5183 | D:6      | Reached skill level 8 in Armour
  5780 | D:6      | Lost mutation: You occasionally lose the ability to read
                  | scrolls when taking damage. [potion of mutation]
  5780 | D:6      | Lost mutation: You occasionally shout uncontrollably at
                  | your foes. [potion of mutation]
  5780 | D:6      | Gained mutation: You expend magic power (3 MP) to
                  | strengthen your wands. [potion of mutation]
  5780 | D:6      | Gained mutation: Your mind is acute. (Int +4, Str/Dex -1)
                  | [potion of mutation]
  5805 | D:7      | Noticed a manticore
  5820 | D:7      | Noticed a manticore
  5831 | D:7      | Killed a manticore
  5832 | D:7      | Reached skill level 9 in Armour
  5833 | D:7      | Killed a manticore
  5905 | D:7      | Found a staircase to the Ecumenical Temple.
  5905 | D:7      | Noticed Maurice
  5926 | D:7      | Killed Maurice
  5927 | D:7      | Reached XP level 10. HP: 61/86 MP: 9/9
  5929 | D:7      | Noticed Jeremiah
  5962 | D:7      | Killed Jeremiah
  5963 | D:7      | Reached skill level 10 in Armour
  6144 | D:7      | Noticed a rust devil
  6340 | D:7      | Identified the ring "Sahano" {rF+ rC+}
  6511 | D:7      | Found a burning altar of Makhleb.
  6675 | D:7      | Noticed Pikel
  6686 | D:7      | Killed Pikel
  7352 | Temple   | Entered the Ecumenical Temple
  7406 | Temple   | Became a worshipper of Warmaster Okawaru
  7462 | D:8      | Reached skill level 11 in Armour
  7481 | D:8      | Found a sacrificial altar of Ru.
  7709 | D:8      | Reached * piety under Okawaru
  7988 | D:8      | Found a broken altar of Ashenzari.
  8072 | D:8      | Found a staircase to the Lair.
  8273 | D:9      | Found a glowing golden altar of the Shining One.
  8279 | D:9      | Reached ** piety under Okawaru
  8280 | D:9      | Reached XP level 11. HP: 94/94 MP: 10/10
  8396 | D:9      | Found a staircase to the Orcish Mines.
  8497 | D:9      | Noticed a deep elf pyromancer
  8506 | D:9      | Killed a deep elf pyromancer
  8806 | D:9      | Reached skill level 12 in Armour
  8859 | D:9      | Reached *** piety under Okawaru
  9051 | D:9      | Noticed a two-headed ogre
  9059 | D:9      | Killed a two-headed ogre
  9230 | D:10     | Entered Level 10 of the Dungeon
  9241 | D:10     | Found a stormy altar of Qazlal.
  9241 | D:10     | Identified the +3 ring mail of Okawaru, Hurling {rC+ MP+9}
  9262 | D:10     | Noticed a sixfirhy
  9297 | D:10     | Reached skill level 5 in Dodging
  9342 | D:10     | Found a flagged portal.
  9408 | D:10     | Noticed Joseph
  9421 | D:10     | Killed Joseph
  9422 | D:10     | Reached skill level 10 in Short Blades
  9485 | D:10     | Reached **** piety under Okawaru
  9563 | D:10     | Identified the +1 ring mail of Fun and Games {rElec MP+9
                  | Str+3 Stlth+}
  9853 | Bailey   | Entered a bailey
 10206 | D:11     | Found the +8 demon trident "Rift" {distort, reach+}
 10274 | D:11     | Lost mutation: Your mind is acute. (Int +4, Str/Dex -1)
                  | [potion of mutation]
 10274 | D:11     | Lost mutation: You expend magic power (3 MP) to strengthen
                  | your wands. [potion of mutation]
 10274 | D:11     | Gained mutation: You have sharp toenails. [potion of
                  | mutation]
 10275 | D:11     | Lost mutation: You have sharp toenails. [potion of
                  | mutation]
 10275 | D:11     | Gained mutation: You are somewhat resistant to further
                  | mutation. [potion of mutation]
 10276 | D:11     | Lost mutation: You are somewhat resistant to further
                  | mutation. [potion of mutation]
 10276 | D:11     | Gained mutation: A frigid envelope surrounds you and
                  | freezes all who hurt you. [potion of mutation]
 10276 | D:11     | Gained mutation: You are agile. (Dex +4, Str/Int -1)
                  | [potion of mutation]
 10276 | D:11     | Gained mutation: You have sharp fingernails. [potion of
                  | mutation]
 10276 | D:11     | Gained mutation: You are somewhat resistant to further
                  | mutation. [potion of mutation]
 10335 | D:11     | Noticed a two-headed ogre
 10342 | D:11     | Killed a two-headed ogre
 10367 | D:11     | Found Opsafep's Self-Published Books.
 10394 | D:11     | Noticed a boulder beetle
 10418 | D:11     | Killed a boulder beetle
 10468 | D:11     | Reached ***** piety under Okawaru
 10554 | D:11     | Noticed a two-headed ogre
 10560 | D:11     | Killed a two-headed ogre
 10573 | D:11     | Identified the +7 dagger of Fedhas, Destroying {venom,
                  | rPois Will+ Str+3 Int-2}
 10856 | D:11     | Reached skill level 10 in Fighting
 10856 | D:11     | Reached skill level 5 in Stealth
 10856 | D:11     | Reached XP level 12. HP: 107/107 MP: 11/11
 11951 | D:12     | Received a gift from Okawaru
 11957 | D:12     | Reached skill level 1 in Translocations
 11957 | D:12     | Reached XP level 13. HP: 87/114 MP: 12/12
 11970 | D:12     | Reached skill level 1 in Invocations
 11988 | D:12     | Reached skill level 1 in Spellcasting
 12646 | D:12     | Noticed Jorgrun
 12666 | D:12     | Killed Jorgrun
 12721 | D:12     | Received a gift from Okawaru
 13343 | D:12     | Identified the ring "Vymmuuso" {+Blink rN+ Int+6 Dex+4}
 13428 | D:13     | Reached skill level 10 in Shields
 14166 | D:13     | Noticed Erolcha
 14177 | D:13     | Killed Erolcha
 14402 | D:13     | Reached skill level 1 in Throwing
 14521 | D:13     | Received a gift from Okawaru
 15299 | D:14     | Noticed Urug
 15299 | D:14     | Noticed Lodul
 15299 | D:14     | Found a gate to the Vaults.
 15454 | Lair:1   | Entered Level 1 of the Lair of Beasts
 15459 | Lair:1   | Reached skill level 13 in Armour
 15545 | Lair:1   | Reached XP level 14. HP: 125/125 MP: 18/18
 15887 | Lair:2   | Learned a level 4 spell: Passage of Golubria
 15892 | Lair:2   | Reached skill level 5 in Invocations
 15962 | Lair:2   | Found a hole to the Spider Nest.
 15974 | Spider:1 | Entered Level 1 of the Spider Nest
 15991 | Spider:1 | Reached skill level 5 in Translocations
 16329 | Spider:1 | Noticed a broodmother
 16337 | Spider:1 | Killed a broodmother
 16375 | Spider:1 | Identified the +1 robe "Ibrif" {Will+ Int-2 Dex+3}
 17015 | Spider:1 | Noticed a broodmother
 17059 | Spider:1 | Killed a broodmother
 17542 | Spider:2 | Received a gift from Okawaru
 17630 | Spider:2 | Noticed an emperor scorpion
 17645 | Spider:2 | Killed an emperor scorpion
 17924 | Spider:2 | Noticed Mlioglotl
 17931 | Spider:2 | HP: 6/126 [sun moth (20)]
 17931 | Spider:2 | Killed by an exploding sun moth... ignited by their inner
                  | flame

Illustrated notes

Levels and vault maps discovered:
D:1:      nagdon_arrival_double_spiral, layout_loops_ring,
          hellmonk_ecumenical_altar_run_dry, chequers_serial_rivers_micro_d,
          nicolae_twisty_statue_hallways
D:2:      layout_rooms, grunt_decor_mini_mirrors, uniq_robin,
          uniq_crazy_yiuf_cottage
D:3:      wad_crossroads, layout_basic, nicolae_overflow_crystal_walls,
          serial_park_tiny_1
D:4:      layout_loops_ring, gammafunk_temple_overflow_pools,
          gammafunk_ghost_grave, uniq_menkaure
D:5:      layout_gridville, grunt_temple_overflow_opulence,
          nicolae_figureground_sparkle, uniq_sigmund
D:6:      layout_basic, uniq_edmund, uniq_grinder
D:7:      minmay_the_grid_square_5x5_3x3 [minmay_the_grid_square_5x5_tri_point,
          minmay_the_grid_square_5x5_inner_v,
          minmay_the_grid_square_5x5_checkered,
          minmay_the_grid_square_5x5_bridge,
          minmay_the_grid_square_5x5_megaprize_diamond,
          minmay_the_grid_square_5x5_half_checkered,
          minmay_the_grid_square_5x5_trominoes,
          minmay_the_grid_square_5x5_fancy_junction,
          minmay_the_grid_square_5x5_n_small], layout_basic,
          lightli_temple_of_fire, minmay_temple_entry_large_hall, uniq_pikel,
          uniq_maurice, uniq_jeremiah
D:8:      layout_basic, mainiacjoe_overflow_cross_hatched, old_standard_altar,
          hellmonk_lair_entry_icy
D:9:      layout_loops_ring, mainiacjoe_overflow_boulevard, orc_0_dummy,
          minmay_door_square, nicolae_benzene_ring
D:10:     layout_rooms, grunt_qazlal_clouds, enter_bailey_6, uniq_joseph
D:11:     minmay_ice_pillars, layout_loops_ring, nicolae_custom_books
D:12:     layout_long_grid, special_room [special_room_bee],
          nicolae_doodle_vault, uniq_jorgrun
D:13:     layout_small_grid, pond, uniq_erolcha
D:14:     layout_layer_cave, david_vaults_3, dk_noncrumbling_2
Temple:   hellmonk_temple_forest_ring
Lair:1:   layout_big_grid
Lair:2:   layout_chaotic_city, dummy_spider_entry, minmay_holes,
          beast_lair_carwin_3
Spider:1: layout_chambers, drop_trap, hive_lemuel
Spider:2: layout_spider_delve, portal_ice_cave_entry_dragon, uniq_mlioglotl

Skill      XL: |  1  2  3  4  5  6  7  8  9 10 11 12 13 14 |
---------------+-------------------------------------------+-----
Armour         | 4 5 6 7 9 11 12 13 | 13.0
Fighting       | 4 5 6 7 8 10 11 12 | 12.0
Shields        | 4 5 6 7 9 10 | 10.9
Polearms       | 3 4 |  4.2
Dodging        | 1 2 3 4 6 8 9 |  9.3
Maces & Flails | 1 2 |  2.1
Short Blades   | 2 4 6 8 9 10 11 | 11.5
Stealth        | 1 2 5 6 |  6.5
Evocations     | 2 3 4 |  4.7
Translocations | 1 4 7 |  7.0
Invocations    | 4 6 |  6.3
Spellcasting   | 3 4 |  4.5
Throwing       | 1 |  1.7

Action                     |  1- 3 |  4- 6 |  7- 9 | 10-12 | 13-15 || total
---------------------------+-------+-------+-------+-------+-------++-------
  Melee: Trident           |    82 |    24 |       |       |       ||   106
         Headbutt          |     9 |    15 |    39 |    88 |   182 ||   333
         Mace              |       |    29 |       |       |       ||    29
         Dagger            |       |    74 |   185 |   537 |   556 ||  1352
  Throw: Dart              |       |       |       |       |     6 ||     6
         Boomerang         |       |       |       |       |     5 ||     5
   Cast: Passage of Golubr |       |       |       |       |    16 ||    16
 Invoke: Heroism           |       |       |       |       |     8 ||     8
         Finesse           |       |       |       |       |     5 ||     5
Ability: Evoke Blink       |       |       |       |       |     1 ||     1
  Evoke: Wand              |       |       |    19 |    10 |    16 ||    45
         Condenser vane    |       |       |       |     1 |     2 ||     3
         Box of beasts     |       |       |       |     1 |       ||     1
    Use: Potion            |       |     5 |    11 |    19 |    18 ||    53
         Scroll            |       |       |     5 |    10 |     9 ||    24
   Stab: Sleeping          |       |       |       |    11 |     8 ||    19
         Confused          |       |       |       |     1 |       ||     1
         Distracted        |       |       |       |     3 |     1 ||     4
         Paralysed         |       |       |       |     1 |       ||     1
         Invisible         |       |       |       |       |     1 ||     1
 Armour: Scale mail        |    40 |    85 |    46 |       |       ||   171
         Skin              |       |    20 |       |     8 |   130 ||   158
         Plate armour      |       |       |    74 |   137 |       ||   211
         Ring mail         |       |       |       |    86 |       ||    86
         Acid dragon scale |       |       |       |    77 |   319 ||   396
  Dodge: Dodged            |    24 |    44 |    62 |   168 |   340 ||   638
  Block: Buckler           |    13 |    32 |    37 |   112 |   163 ||   357
